 Dungeon Crawl Stone Soup version 0.30.0-5-g1a98f26d00 (webtiles) character file.

Game seed: 2891554242936211268

67 sampeng1 the Conjurer (level 4, -9/29 (34) HPs)
             Began as a Human Reaver on May 9, 2023.
             Killed by divine providence
             ... invoked by an orc priest
              (15 damage)
             ... on level 3 of the Dungeon.
             The game lasted 00:08:48 (2378 turns).

sampeng1 the Conjurer (Human Reaver)                Turns: 2378, Time: 00:08:49

HP:   -9/29 (34)    AC:  5    Str: 12    XL:     4   Next: 40%
MP:   16/16         EV: 12    Int: 16    God:
Gold: 132           SH:  0    Dex: 17    Spells: 6/7 levels left

rFire   . . .        a - +0 hand axe
rCold   . . .        (no shield)
rNeg    . . .        b - +1 leather armour
rPois   .            (no helmet)
rElec   .            (no cloak)
rCorr   .            (no gloves)
SInv    .            j - +0 pair of boots
Will    .....        (no amulet)
Stlth   +            f - ring of magical power
HPRegen 0.24/turn    n - +6 ring of dexterity
MPRegen 0.15/turn

%: no passive effects
@: heavily drained
A: no striking features
a: no special abilities


You were on level 3 of the Dungeon.
You visited 1 branch of the dungeon, and saw 3 of its levels.

You collected 132 gold pieces.

Inventory:

Hand Weapons
 a - a +0 hand axe (weapon)
 i - a +0 sling
Missiles
 c - 32 stones (quivered)
 m - 2 throwing nets
Armour
 b - a +1 leather armour (worn)
 j - a +0 pair of boots (worn)
Magical Staves
 e - a staff of cold
Jewellery
 f - a ring of magical power (left hand)
 n - a +6 ring of dexterity (right hand)
Scrolls
 d - a scroll of fear {unknown}
 l - a scroll of amnesia {unknown}
 o - a scroll of identify
 p - a scroll of silence {unknown}
Potions
 g - 2 potions of curing {unknown}
 h - a potion of haste {unknown}
 k - a potion of attraction {unknown}
 q - a potion of heal wounds {unknown}


   Skills:
 + Level 2.6 Fighting
 + Level 3.4 Axes
 + Level 2.5 Dodging
 + Level 2.4 Spellcasting
 + Level 3.4 Conjurations


You had 6 spell levels left.
You knew the following spells:

 Your Spells              Type           Power      Damage    Failure   Level
a - Kiss of Death         Conj/Necr      28%        2d7       12%         1

Your spell library contained the following spells:

 Spells                   Type           Power      Damage    Failure   Level
 Momentum Strike          Conj/Tloc      14%        3d8       19%         2
 Slow                     Hex            4%         N/A       26%         1
 Hailstorm                Conj/Ice       7%         3d4       36%         3
 Confusing Touch          Hex            1%         N/A       58%         3
 Inner Flame              Hex/Fire       1%         N/A       58%         3
 Vampiric Draining        Necr           1%         2d6       58%         3
 Yara's Violent Unravell  Hex/Tmut       0%         3d3       100%        5
 Enfeeble                 Hex            0%         N/A       100%        7


Dungeon Overview and Level Annotations

Branches:
Dungeon (3/15)

Altars:


Message History

The orc wizard hits you but does no damage.
You hit the orc.
You kill the orc!
You miss the orc wizard. You barely miss the quokka.
The quokka bites you but does no damage.
The orc wizard hits you but does no damage.
The quokka twitches its whiskers.
The quokka bites you.
Things that are here:
a +0 whip; a +0 leather armour; an orc corpse You closely miss the orc wizard.
The orc wizard is lightly wounded.
You barely miss the quokka. The quokka barely misses you.
The orc wizard points at you and mumbles some strange words.
The magic dart hits you!
You hit the orc wizard but do no damage.
The orc wizard is lightly wounded.
You hit the quokka but do no damage. The quokka bites you.
The orc wizard completely misses you. The quokka closely misses you.
You miss the orc wizard.
The orc wizard is lightly wounded.
The orc shouts!
You hit the orc but do no damage. You hit the quokka but do no damage.
The quokka twitches its whiskers.
The quokka closely misses you.
The orc wizard hits you with a +0 dagger.
* * * LOW HITPOINT WARNING * * *
The orc misses you. The quokka attacks as you move away! The quokka bites you.
* * * LOW HITPOINT WARNING * * *
You closely miss the quokka. The quokka misses you.
The orc wizard gestures wildly while chanting.
The orc wizard flickers and vanishes!
Deactivating autopickup; reactivate with Ctrl-A.
The quokka bites you but does no damage.
You hit the quokka but do no damage.
The orc priest calls down the wrath of Beogh upon you.
Beogh smites you!
Ouch! That really hurt!
You die...

#..o.#.#..# #.#
#...(#.#..# #.#
#....#.#..###########..
#....#.#..#............
..#...o#.#..#............
#......#.#...............
#......o{o....#..........
#......#r###..#..........
#......#@# #..#.........#
.......#.# #..#.........#
.......#.# #..#........#.
.......#.# #..#..........
+#####.#.# #..#.....##.##
#.#.## #........# #.##.
#####....# #.##.. .......
#...#####.#####


You could see an orc priest, 2 orcs and a quokka.

Vanquished Creatures
  An adder (D:2)
  An orc (D:3)
  4 bats
  4 endoplasms
  5 giant cockroaches
  4 goblins
  7 hobgoblins
  5 jackals (D:1)
  3 quokkas
  3 ball pythons (D:1)
  3 frilled lizards
  5 kobolds
  4 rats
49 creatures vanquished.

Notes
Turn   | Place    | Note
-------+----------+-------------------------------------------
     0 | D:1      | sampeng1 the Human Reaver began the quest for the Orb.
     0 | D:1      | Reached XP level 1. HP: 16/16 MP: 3/3
    86 | D:1      | Reached XP level 2. HP: 18/22 MP: 5/5
   376 | D:1      | Reached XP level 3. HP: 27/27 MP: 6/6
   616 | D:1      | HP: 1/20 [jackal (2)]
  1440 | D:2      | Reached XP level 4. HP: 26/27 MP: 7/7
  1474 | D:2      | Found a faded altar of an unknown god.
  2378 | D:3      | Killed from afar by an orc priest

Illustrated notes

Levels and vault maps discovered:
D:1:      minmay_arrival_stair_chambers, layout_basic, st_stairs_2
D:2:      layout_basic, shapermc_ecumenical_altar_flowoftime
D:3:      layout_basic

Action                     |  1- 3 |  4- 6 || total
---------------------------+-------+-------++-------
  Melee: Hand axe          |   152 |    37 ||   189
         Punch             |     2 |       ||     2
  Throw: Stone             |     3 |       ||     3
   Cast: Kiss of Death     |     2 |       ||     2
    Use: Scroll            |     4 |       ||     4
   Stab: Sleeping          |       |     1 ||     1
 Armour: Leather armour    |    66 |    14 ||    80
  Dodge: Dodged            |   113 |    30 ||   143
